 Dungeon Crawl Stone Soup version 0.20-a0-1127-g1289703 (webtiles) character file.

452 ArtsTyrian the Sneak (level 7, -6/62 HPs)
             Began as a Naga Wanderer on May 18, 2017.
             Splashed by a jelly's acid (8 damage)
             ... on level 3 of the Dungeon.
             The game lasted 00:24:50 (4008 turns).

ArtsTyrian the Sneak (Naga Wanderer)                Turns: 4008, Time: 00:24:50

Health: -6/62      AC: -2    Str: 16    XL:     7   Next: 4%
Magic:  17/17      EV:  8    Int: 13    God:
Gold:   79         SH:  0    Dex: 10    Spells: 8/8 levels left

rFire    . . .     SeeInvis +   s - +0 hand axe (chop)
rCold    . . .     Gourm    .   (no shield)
rNeg     . . .     Faith    .   a - +2 scale mail
rPois    +         Spirit   .   (no helmet)
rElec    .         Reflect  .   r - +0 cloak
rCorr    .         Harm     .   (no gloves)
MR       .....                  (no barding)
Stlth    +.........             (no amulet)
Regen    0.2/turn               e - ring of magical power
MPRegen  0.2/turn               (no ring)

@: corroded, very slow
A: see invisible, deformed body, poison resistance, slowness 2, slow metabolism
1, spit poison 1, AC +2
a: Spit Poison


You were on level 3 of the Dungeon.
You were not hungry.

You visited 1 branch of the dungeon, and saw 3 of its levels.
You also visited: Sewer.

You collected 79 gold pieces.

Inventory:

Hand Weapons
 c - a +0 mace
 d - a +0 dagger
 i - a +3 dagger of holy wrath
 s - a +0 hand axe of chopping (weapon)
Armour
 a - a +2 scale mail (worn)
 h - a +0 cloak
 r - a +0 cloak (worn)
Jewellery
 e - a ring of magical power (left hand)
Scrolls
 f - a scroll of teleportation {unknown}
 g - a scroll of remove curse
 j - a scroll of enchant weapon {unknown}
 k - 2 scrolls of magic mapping {unknown}
 l - 2 scrolls of identify {unknown}
 m - a scroll of amnesia {unknown}
 n - a scroll of immolation {unknown}
 o - a scroll of fog {unknown}
 p - 2 scrolls of recharging {unknown}
 v - a scroll of noise {unknown}
Potions
 q - 2 potions of curing {unknown}
 t - a potion of magic {unknown}
 u - 2 potions of heal wounds {unknown}
Books
 b - the Compendium of Enhancements

   Spells                             Type                      Level
   a - Song of Slaying                Charms                       2
   b - Swiftness                      Charms/Air                   2
Comestibles
 w - 3 fruits


   Skills:
 + Level 3.3 Fighting
 * Level 3.1(3.6) Axes
 - Level 2.8(3.5) Maces & Flails
 + Level 2.6 Armour
 * Level 1.9 Dodging
 * Level 5.4 Stealth
 + Level 1.0 Spellcasting
   Level 2.0 Transmutations


You had 8 spell levels left.
You didn't know any spells.

Dungeon Overview and Level Annotations

Branches:
Dungeon (3/15)

Altars:
Elyvilon
Fedhas
Makhleb
Okawaru
Ru
Sif Muna
Uskayaw


Innate Abilities, Weirdness & Mutations

You cannot wear boots.
Your serpentine skin is tough. (AC +2)
You have supernaturally acute eyesight. (SInv)
Armour fits poorly on your strangely shaped body.
Your system is resistant to poisons. (rPois)
You cover ground very slowly.
You have a slow metabolism.
You can spit poison.


Message History

Something hits the fungus.
The jelly barely misses you.
Something hits the fungus.
Your scale mail prevents you from hitting the jelly.
The jelly is moderately wounded.
The jelly hits you. The acid corrodes you!
You are splashed with acid!
The acid burns!
* * * LOW HITPOINT WARNING * * *
Something hits the fungus.
The jelly closely misses you.
You hit the jelly but do no damage.
Your hands burn!
* * * LOW HITPOINT WARNING * * *
The jelly is moderately wounded.
The jelly hits you.
* * * LOW HITPOINT WARNING * * *
The acid corrodes you!
You are splashed with acid!
The acid burns!
* * * LOW HITPOINT WARNING * * *
The jelly hits you.
* * * LOW HITPOINT WARNING * * *
You are splashed with acid!
The acid burns!
You die...

### #. #######.##JJJ..[#
##.######....#.#.#÷.÷..P#
...##.##.....#.#.#...÷÷÷#
......'.....(#'#@#.....P#
......'........#J#JJ....#
......'........#.#J.P..P#
##.##.##.......#J#..÷..J#
#.((.###......##J÷PP...#
##.###############......#
)..# #.## ######## (###
#..# ##### (## #..# #.#.#


You could see a jelly and 2 oozes.

Vanquished Creatures
  3 big kobolds (Sewer)
  7 adders
  4 river rats (Sewer)
  6 oozes
  3 worms (Sewer)
  3 dart slugs
  5 leopard geckos
  An orc (D:3)
  6 giant cockroaches
  8 goblins
  5 hobgoblins
  6 jackals (D:2)
  17 kobolds
  3 quokkas (D:2)
  5 ball pythons
  4 bats
  5 frilled lizards
  12 rats
103 creatures vanquished.

Vanquished Creatures (others)
  9 toadstools (D:3)
9 creatures vanquished.

Grand Total: 112 creatures vanquished

Notes
Turn   | Place    | Note
-------+----------+-------------------------------------------
     0 | D:1      | ArtsTyrian the Naga Wanderer began the quest for the Orb.
     0 | D:1      | ArtsTyrian set off with: a +2 scale mail, the Compendium of Enhancements, a +0 mace, a +0 dagger, a bread ration
     0 | D:1      | Reached XP level 1. HP: 19/19 MP: 2/2
   680 | D:1      | Reached XP level 2. HP: 26/26 MP: 3/3
  1384 | D:1      | Reached XP level 3. HP: 24/33 MP: 4/4
  1526 | D:2      | Found an iron altar of Okawaru.
  1973 | D:2      | Found a blossoming altar of Fedhas.
  1975 | D:2      | Found a sacrificial altar of Ru.
  2090 | D:2      | Reached XP level 4. HP: 20/40 MP: 5/5
  2374 | D:2      | Reached skill level 1 in Dodging
  2387 | D:2      | Found a white marble altar of Elyvilon.
  2387 | D:2      | Found a deep blue altar of Sif Muna.
  2392 | D:2      | Found a faded altar of an unknown god.
  2394 | D:2      | Found a hide-covered altar of Uskayaw.
  2396 | D:2      | Found a burning altar of Makhleb.
  2544 | D:2      | Reached skill level 4 in Stealth
  2942 | D:3      | Found a glowing drain.
  2970 | D:3      | Reached XP level 5. HP: 36/48 MP: 6/6
  2981 | Sewer    | Entered a sewer
  3105 | Sewer    | Noticed a big kobold
  3138 | Sewer    | Killed a big kobold
  3138 | Sewer    | Reached skill level 1 in Axes
  3393 | Sewer    | Reached XP level 6. HP: 53/56 MP: 7/7
  3521 | Sewer    | Reached skill level 5 in Stealth
  3865 | D:3      | Reached XP level 7. HP: 59/62 MP: 8/8
  4008 | D:3      | HP: 2/62 [jelly (3)]
  4008 | D:3      | Splashed by a jelly's acid

Vault maps used:
D:1:      dpeg_arrival_line_fractal, serial_bayou, serial_bayou_pond_a,
          serial_bayou_pond_c, serial_bayou_lake_a, serial_bayou_ford_a
D:2:      fedhas_altar_3, okawaru_metal_pillars_3, lemuel_crystal_altar,
          chequers_temple_overflow_minitemple
D:3:      cheibrodos_fertilizer, portal_sewer_entry_f, solitary_fountain
Sewer:    sewer_co_tree

Skill      XL: |  1  2  3  4  5  6 |
---------------+-------------------+-----
Dodging        | 1 |  1.9
Stealth        | 4 5 |  5.4
Armour         | 2 |  2.6
Fighting       | 3 |  3.3
Axes           | 1 3 |  3.1
Maces & Flails | |  2.8
Spellcasting   | |  1.0
Transmutations | |  2.0

Action                   |  1- 3 |  4- 6 |  7- 9 || total
-------------------------+-------+-------+-------++-------
Melee: Mace              |   133 |    88 |       ||   221
       Hand axe          |       |   196 |    31 ||   227
 Abil: Spit Poison       |       |     6 |     1 ||     7
  Use: Scroll            |     1 |       |       ||     1
  Eat: Fruit             |     1 |       |       ||     1
       Bread ration      |     1 |     1 |       ||     2
Armor: Scale mail        |    91 |   161 |    21 ||   273
Dodge: Dodged            |    63 |    98 |    15 ||   176
